AoeStats
← ObiGOD

Arabia

506955297Analyzed
3v3 RM · 16d ago on Sep 15, 2026· 42m 7s· 6 players
Game mode
Random Map
Map size
Normal (6 player)
Population
200
Speed
Normal
Resources
Standard
Victory
Conquest
Starting age
Dark Age
Ending age
Imperial Age
RankedLock teamsTeams togetherTeam positionsShared explorationLock speedFull tech treeHidden civsTurbo modeCheats
Victory
Defeat
🇦🇷 Britons · Argentina
1174
+16
🇦🇷 Magyars · Argentina
1174
+16
🇦🇷 Inca · Argentina
1165
+16
🇸🇻 Magyars · El Salvador
1174
-16
🇸🇻 Ethiopians · El Salvador
1172
-16
🇬🇧 Magyars · United Kingdom
1167
-16
Luzbelito95
10:02 Feudal Age
11:08 Double-Bit Axe
14:05 Loom
16:38 Fletching
23:33 Castle Age
23:41 Crossbowman
24:20 Bodkin Arrow
27:40 Horse Collar
31:39 Wheelbarrow
31:07 Padded Archer Armor
32:07 Ballistics
32:53 Gold Mining
35:18 Yeomen
36:10 Leather Archer Armor
41:03 Imperial Age
41:02 Hand Cart
40:59 Bow Saw
41:38 Heavy Plow
42:48 Conscription
gaus
5:20 Loom
9:37 Feudal Age
10:10 Double-Bit Axe
19:43 Bloodlines
21:47 Castle Age
19:52 Gold Mining
19:45 Horse Collar
21:30 Stone Mining
22:48 Scale Barding Armor
23:48 Husbandry
26:31 Chain Barding Armor
30:06 Gold Shaft Mining
29:20 Town Watch
30:11 Wheelbarrow
34:11 Hand Cart
37:13 Town Patrol
42:33 Imperial Age
40:17 Bow Saw
ObiGOD
4:31 Loom
5:35 Loom
9:24 Feudal Age
10:07 Horse Collar
10:14 Double-Bit Axe
10:18 Champi Runner
17:04 Horse Collar
23:19 Castle Age
21:43 Scale Mail Armor
23:38 Gold Mining
24:28 Wheelbarrow
25:16 Bow Saw
25:14 Squires
25:33 Chain Mail Armor
27:24 Forging
29:29 Iron Casting
28:42 Arson
28:49 Champi Warrior
30:52 Heavy Plow
37:17 Imperial Age
38:55 Hand Cart
40:13 Fabric Shields
41:18 Conscription
40:51 Elite Champi Warrior
42:35 Plate Mail Armor
backlog8660
6:28 Loom
9:23 Feudal Age
9:53 Double-Bit Axe
21:19 Castle Age
20:39 Bloodlines
21:26 Light Cavalry
22:07 Husbandry
25:19 Scale Barding Armor
28:09 Chain Barding Armor
35:49 Pikeman
43:03 Wheelbarrow
_Elite_
6:03 Loom
9:13 Feudal Age
9:47 Double-Bit Axe
15:44 Fletching
15:55 Padded Archer Armor
20:17 Wheelbarrow
24:54 Castle Age
23:16 Gold Mining
26:08 Leather Archer Armor
25:48 Bodkin Arrow
25:48 Elite Skirmisher
28:12 Man-at-Arms
28:16 Crossbowman
31:04 Horse Collar
34:59 Thumb Ring
43:49 Imperial Age
41:46 Scale Mail Armor
Pino
9:50 Feudal Age
8:07 Loom
11:28 Double-Bit Axe
21:41 Castle Age
20:02 Gold Mining
20:26 Horse Collar
23:50 Bow Saw
25:12 Heavy Plow
28:44 Padded Archer Armor
28:35 Fletching
29:45 Gold Shaft Mining
29:31 Husbandry
30:04 Treadmill Crane
30:22 Stone Mining
31:46 Wheelbarrow
32:23 Leather Archer Armor
33:22 Bodkin Arrow
34:57 Ballistics
35:26 Bloodlines
38:31 Scale Barding Armor
38:21 Pikeman
Connection lost

Rejoining the realm…

Still unreachable

The connection could not be restored.

Session expired

The server has moved on; the page needs a fresh start.